 Dungeon Crawl Stone Soup version 0.23.1 (webtiles) character file.

Game seed: 17141097801264919031

169 PentaManta the Bolt Thrower (level 5, -6/30 HPs)
             Began as a Kobold Hunter on Mar 16, 2019.
             Mangled by a river rat (8 damage)
             ... on level 3 of the Dungeon.
             The game lasted 00:07:52 (2263 turns).

PentaManta the Bolt Thrower (Kobold Hunter)         Turns: 2263, Time: 00:07:54

Health: -6/30      AC:  4    Str: 16    XL:     5   Next: 79%
Magic:  5/5        EV: 15    Int: 12    God:
Gold:   120        SH:  0    Dex: 15    Spells: 4/4 levels left

rFire    . . .     SeeInvis .   a - +1 hand crossbow
rCold    . . .     Gourm    .   (shield restricted)
rNeg     . . .     Faith    .   c - +0 leather armour
rPois    .         Spirit   .   (no helmet)
rElec    .         Reflect  .   u - +0 cloak
rCorr    .         Harm     .   (no gloves)
MR       .....                  (no boots)
Stlth    ++........             (no amulet)
HPRegen  0.10/turn              (no ring)
MPRegen  0.09/turn              (no ring)

@: mighty, hasted, quick
A: small, carnivore
a: no special abilities


You were on level 3 of the Dungeon.
You were not hungry.

You visited 1 branch of the dungeon, and saw 3 of its levels.

You collected 120 gold pieces.

Inventory:

Hand Weapons
 a - a +1 hand crossbow (weapon)
 d - a +4 short sword
 v - a +0 hunting sling
Missiles
 b - 8 bolts (quivered)
 r - 45 stones
Armour
 c - a +0 leather armour (worn)
 u - a +0 cloak (worn)
 w - a +0 plate armour
Scrolls
 e - 3 scrolls of noise {unknown}
 g - a scroll of identify {unknown}
 h - a scroll of teleportation {unknown}
 n - 3 scrolls of enchant weapon {unknown}
 o - a scroll of remove curse {unknown}
 p - a scroll of magic mapping {unknown}
 s - 2 scrolls of fear {unknown}
 t - a scroll of blinking {unknown}
Potions
 i - a potion of might
 j - a potion of cancellation {unknown}
 k - a potion of curing {unknown}
 l - a potion of haste
 m - a potion of degeneration {unknown}
 q - a potion of flight {unknown}
Comestibles
 f - 4 rations


   Skills:
 - Level 2.1 Fighting
 * Level 7.1 Crossbows
 - Level 2.4 Dodging
 + Level 4.3 Stealth


You had 4 spell levels left.
You didn't know any spells.
Your spell library was empty.

Dungeon Overview and Level Annotations

Branches:
Dungeon (3/15)

Altars:


Innate Abilities, Weirdness & Mutations

You are small and have problems with some larger weapons.
You are carnivorous and can eat meat at any time.


Message History

You see here an adder corpse.
An adder and a rat come into view.
A rat comes into view.
A river rat comes into view.
You see here 6 bolts.
The rat bites you but does no damage. The river rat closely misses you.
The river rat bites you.
You see here an adder corpse.
The river rat bites you.
* * * LOW HITPOINT WARNING * * *
You see here an adder corpse.
The river rat barely misses you. The river rat bites you.
* * * LOW HITPOINT WARNING * * *
You see here a rat corpse.
Sorry, you're not good enough to have a special ability.
It was a potion of might.
You feel very mighty all of a sudden. The river rat closely misses you.
It was a potion of haste.
You feel yourself speed up. The river rat bites you!
You die...

#.# #.# #.# #.# #.#
########.# #....#..<##
## #####.........# ≈
#@≈≈#..†##.##.# ##
#≈#r#≈#≈..##.##.##
r≈≈≈#≈#r#≈#≈..##.#...###
#≈≈≈≈S#≈≈≈≈...÷.......
#######≈#≈#≈..##)#...###
≈≈≈≈≈≈≈(#≈≈≈..##.##.##
#≈#######≈#.........#
#≈≈≈...#.#### #≈≈....#.#


You could see an adder, a river rat and a rat.

Vanquished Creatures
  Crazy Yiuf (D:2)
  2 gnolls (D:2)
  7 adders
  An ooze (D:2)
  4 worms
  2 leopard geckos
  A bat (D:1)
  3 giant cockroaches
  5 goblins
  4 hobgoblins (D:2)
  2 jackals (D:2)
  A ball python (D:2)
  A frilled lizard (D:1)
  8 kobolds
  8 rats
50 creatures vanquished.

Notes
Turn   | Place    | Note
-------+----------+-------------------------------------------
     0 | D:1      | PentaManta the Kobold Hunter began the quest for the Orb.
     0 | D:1      | Reached XP level 1. HP: 12/12 MP: 1/1
   243 | D:1      | Reached skill level 5 in Crossbows
   284 | D:1      | Reached XP level 2. HP: 13/17 MP: 2/2
  1045 | D:2      | Reached XP level 3. HP: 21/21 MP: 3/3
  1138 | D:2      | Reached XP level 4. HP: 26/26 MP: 4/4
  1145 | D:2      | Reached skill level 6 in Crossbows
  1724 | D:2      | Found a runed translucent door.
  1725 | D:2      | Noticed Crazy Yiuf
  1849 | D:2      | Killed Crazy Yiuf
  1849 | D:2      | Reached XP level 5. HP: 24/30 MP: 5/5
  2238 | D:3      | Reached skill level 7 in Crossbows
  2263 | D:3      | Mangled by a river rat

Skill      XL: |  1  2  3  4  5 |
---------------+----------------+-----
Crossbows      | 5 6 7 |  7.1
Stealth        | 2 3 4 |  4.3
Fighting       | |  2.1
Dodging        | |  2.4

Action                   |  1- 3 |  4- 6 || total
-------------------------+-------+-------++-------
Melee: Short sword       |    57 |    19 ||    76
 Fire: Hand crossbow     |    27 |    53 ||    80
       Hunting sling     |       |    14 ||    14
Throw: Stone             |       |    20 ||    20
  Use: Potion            |       |     2 ||     2
 Stab: Sleeping          |     1 |     1 ||     2
  Eat: Chunk             |       |     6 ||     6
Armor: Leather armour    |    10 |    10 ||    20
Dodge: Dodged            |    61 |    42 ||   103
